 Dungeon Crawl Stone Soup version 0.29.0-4-gdea44cf6ec (webtiles) character file.

Game seed: 14005238178947795939

79 drizztl the Conjurer (level 4, -12/30 HPs)
             Began as a Human Conjurer on Aug 27, 2022.
             Was a Believer of Nemelex Xobeh.
             Killed themself with a badly aimed iceblast (18 damage)
             ... on level 4 of the Dungeon.
             The game lasted 00:38:00 (3478 turns).

drizztl the Conjurer (Human Conjurer)               Turns: 3478, Time: 00:38:01

Health: -12/30     AC:  2    Str:  7    XL:     4   Next: 64%
Magic:  0/7        EV: 12    Int: 21    God:    Nemelex Xobeh [**....]
Gold:   124        SH:  0    Dex: 11    Spells: 2/8 levels left

rFire   . . .      SeeInvis .   g - +3 whip
rCold   . . .      Faith    .   (no shield)
rNeg    . . .      Spirit   .   a - +0 robe
rPois   .          Reflect  .   (no helmet)
rElec   .          Harm     .   (no cloak)
rCorr   .          Rampage  .   (no gloves)
Will    .....                   (no boots)
Stlth   ++........              (no amulet)
HPRegen 0.10/turn               (no ring)
MPRegen 0.10/turn               (no ring)

@: no status effects
A: no striking features
a: Renounce Religion, Draw Escape, Draw Destruction, Draw Summoning


You were on level 4 of the Dungeon.
You worshipped Nemelex Xobeh.
Nemelex Xobeh was pleased with you.
You visited 1 branch of the dungeon, and saw 4 of its levels.

You collected 124 gold pieces.

Inventory:

Hand Weapons
 e - a +0 mace
 f - a +0 dagger
 g - a +3 whip (weapon)
Missiles
 o - a throwing net
Armour
 a - a +0 robe (worn)
Wands
 h - a wand of iceblast (9)
Scrolls
 c - a scroll of fog {unknown}
 i - a scroll of identify {unknown}
 j - a scroll of immolation {unknown}
 l - a scroll of enchant weapon {unknown}
 p - 2 scrolls of vulnerability {unknown}
Potions
 k - a potion of mutation {unknown}
 m - 2 potions of attraction {unknown}
 n - 2 potions of lignification {unknown}
 q - a potion of brilliance {unknown}


   Skills:
 + Level 0.5 Maces & Flails
 + Level 0.2 Armour
 + Level 2.2 Dodging
 + Level 2.4 Stealth
 + Level 2.5 Spellcasting
 + Level 5.0 Conjurations


You had 2 spell levels left.
You knew the following spells:

 Your Spells              Type           Power      Damage    Failure   Level
a - Magic Dart            Conj           92%        1d7       1%          1
b - Searing Ray           Conj           46%        2d6       2%          2
c - Static Discharge      Conj/Air       13%        3-5/arc   8%          2
d - Slow                  Hex            8%         N/A       14%         1

Your spell library contained the following spells:

 Spells                   Type           Power      Damage    Failure   Level
 Sublimation of Blood     Necr           2%         N/A       22%         2
 Wereblood                Tmut           2%         N/A       22%         2
 Dazzling Flash           Conj/Hex       26%        N/A       16%         3
 Gell's Gravitas          Tloc           2%         N/A       38%         3
 Lesser Beckoning         Tloc           2%         N/A       38%         3
 Fulminant Prism          Conj/Hex       6%         3d7       45%         4
 Iskenderun's Mystic Bla  Conj/Tloc      13%        2d5       45%         4
 Sticky Flame             Conj/Fire      13%        2d4       45%         4
 Dispel Undead            Necr           2%         3d7       80%         4
 Agony                    Necr           2%         N/A       98%         5
 Blade Hands              Tmut           1%         N/A       98%         5
 Silence                  Hex/Air        1%         N/A       98%         5
 Yara's Violent Unravell  Hex/Tmut       1%         3d3       98%         5
 Summon Hydra             Summ           1%         N/A       100%        7
 Ignition                 Fire           1%         3d3       100%        8


Dungeon Overview and Level Annotations

Branches:
Dungeon (4/15)
 Temple: D:4-7

Altars:
Nemelex Xobeh


Message History

You barely miss the gnoll bouda.
The gnoll bouda is heavily wounded.
The gnoll bouda hits you with a +0 club.
The gnoll hits you with a +0 club.
Casting: Searing Ray (safe; 2% risk of failure)
Confirm with . or Enter, or press ? or * to list all spells.
Aiming: Magic Dart (safe; 1% risk of failure)
Press: ? - help, Shift-Dir - straight line, f - gnoll bouda
Aim: a gnoll bouda, wielding a +0 club and wearing a +0 leather armour (moderately wounded, 100% to hit)
The magic dart hits the gnoll bouda.
The gnoll bouda is severely wounded.
The gnoll bouda closely misses you. The gnoll hits you with a +0 club.
* * * LOW HITPOINT WARNING * * *
It was a potion of curing.
You feel better.
The gnoll bouda hits you with a +0 club!
* * * LOW HITPOINT WARNING * * *
The gnoll hits you with a +0 club.
* * * LOW HITPOINT WARNING * * *
You feel better.
The gnoll bouda hits you with a +0 club!
* * * LOW HITPOINT WARNING * * *
The gnoll misses you.
You drop a potion of curing.
The gnoll bouda misses you. The gnoll hits you with a +0 club.
* * * LOW HITPOINT WARNING * * *
Aiming: Iceblast
Press: ? - help, Shift-Dir - straight line, f - gnoll, p - gnoll bouda
Aim: a gnoll, wielding a +0 club (covering ground quickly)
Okay, then.
Okay, then.
Aiming: Iceblast
Press: ? - help, Shift-Dir - straight line, p - gnoll The mass of ice explodes!
The iceblast engulfs the gnoll!
The gnoll is heavily wounded.
The iceblast engulfs the gnoll bouda!
You kill the gnoll bouda!
The iceblast engulfs you!!
Ouch! That really hurt!
You die...
Your body disappears without a glow.

### #.#
######.## #.#
........# #.#
#####...# #.#
#.#.# #.# #...#
#.# ###.#
#.###.###.# #.#
#....)@...# #.#
##.##g#...# ...
.. ..........+
###.#......####
# #.#.#.## ..
...# ### ####


You could see a gnoll (swift).

Vanquished Creatures
  A gnoll bouda (D:4)
  An adder (D:4)
  2 gnolls (D:4)
  2 white imps (D:4)
  A worm (D:2)
  A dart slug (D:1)
  3 orcs (D:4)
  5 endoplasms (D:1)
  2 goblins
  A quokka (D:2)
  4 ball pythons
  4 bats
  2 frilled lizards (D:1)
  2 kobolds
  2 rats (D:1)
33 creatures vanquished.

Vanquished Creatures (others)
  2 demonic plants (D:4)
2 creatures vanquished.

Grand Total: 35 creatures vanquished

Notes
Turn   | Place    | Note
-------+----------+-------------------------------------------
     0 | D:1      | drizztl the Human Conjurer began the quest for the Orb.
     0 | D:1      | Reached XP level 1. HP: 13/13 MP: 3/3
   468 | D:1      | Reached XP level 2. HP: 19/19 MP: 3/5
   568 | D:1      | Learned a level 2 spell: Searing Ray
   776 | D:1      | Found a faded altar of an unknown god.
  1580 | D:1      | Prayed at the altar of an unknown god.
  1580 | D:1      | Became a worshipper of Nemelex Xobeh the Trickster
  1580 | D:1      | Reached * piety under Nemelex Xobeh
  1809 | D:2      | Reached XP level 3. HP: 24/24 MP: 4/6
  1858 | D:2      | Learned a level 2 spell: Static Discharge
  1860 | D:2      | Received a gift from Nemelex Xobeh
  2171 | D:2      | Got Goakoxas's Folio of the Voyage and the Figure
  2417 | D:2      | Received a gift from Nemelex Xobeh
  2421 | D:2      | Reached ** piety under Nemelex Xobeh
  2692 | D:3      | You fall into a shaft and drop 1 floor!
  2824 | D:4      | Reached XP level 4. HP: 4/30 MP: 4/7
  3306 | D:3      | Got Sif Muna's Spellbook of Hindering Conflagration
  3309 | D:3      | Learned a level 1 spell: Slow
  3468 | D:4      | Reached skill level 5 in Conjurations
  3478 | D:4      | Killed themself with a badly aimed iceblast

Illustrated notes

Levels and vault maps discovered:
D:1:      mrwooster_arrival_statue_2, layout_basic, basic_ecumenical_altar,
          dk_noncrumbling_3
D:2:      layout_loops_ring
D:3:      layout_rooms, lemuel_round_altar, mainiacjoe_overflow_alcove_1,
          feat_on_display
D:4:      layout_loops_corners, serial_demonic, serial_demonic_b,
          serial_demonic_e, serial_demonic_c, serial_demonic_d,
          serial_demonic_f, serial_demonic_e, serial_shops, kennysheep_mini

Skill      XL: |  1  2  3  4 |
---------------+-------------+-----
Conjurations   | 5 |  5.0
Maces & Flails | |  0.5
Armour         | |  0.2
Dodging        | |  2.2
Stealth        | |  2.4
Spellcasting   | |  2.5

Action                   |  1- 3 |  4- 6 || total
-------------------------+-------+-------++-------
Melee: Dagger            |     7 |       ||     7
       Whip              |    11 |     8 ||    19
 Cast: Magic Dart        |    43 |    11 ||    54
       Searing Ray       |     3 |     1 ||     4
  Use: Potion            |     1 |     2 ||     3
Armor: Robe              |     1 |       ||     1
       Ring mail         |     5 |       ||     5
Dodge: Dodged            |    22 |     9 ||    31
